slyhack, chaotic female human Rogue ------- |...I^| |...II| |.$...| -+----- slyhack the Rogue Experience level: 6 Strength: 18 Dexterity: 18 Constitution: 13 Intelligence: 15 Wisdom: 10 Charisma: 9 Health: 0(47) Energy: 26(26) Def: 9 Gold: 0 Moves: 4531 Dungeon seed: 9ygRoUpHdNNDFxTP Game ID: slyhack_1476191461 Your Inventory: Weapons b - 8 uncursed +0 daggers (in quiver) w - an uncursed +1 dagger (weapon in hand) D - 4 cursed +0 daggers Armor A - an uncursed +0 dwarvish mithril-coat (being worn) C - an uncursed +0 oilskin cloak (being worn) F - an uncursed +0 pair of kicking boots (being worn) Y - an uncursed +0 pair of gauntlets of dexterity (being worn) Comestibles I - an uncursed egg O - an uncursed cherry U - an uncursed fortune cookie Potions a - an uncursed potion of invisibility Wands Q - an uncursed wand of lightning (0:5) Tools c - an uncursed mirror k - an uncursed lock pick q - 2 uncursed tallow candles (0:200) u - a blessed wax candle (0:400) v - 13 uncursed wax candles (0:400) B - an uncursed sack E - a blessed tallow candle (0:200) L - an uncursed bag of tricks (0:11) W - an uncursed +0 pick-axe Z - 6 cursed wax candles (0:400) Gems e - an uncursed worthless piece of white glass n - an uncursed worthless piece of green glass r - an uncursed jade stone N - an uncursed worthless piece of violet glass Contents of the sack: 130 gold pieces a blessed scroll of create monster an uncursed scroll of create monster an uncursed scroll of enchant weapon an uncursed scroll of food detection a blessed scroll of identify an uncursed spellbook of cure sickness a cursed potion of levitation an uncursed potion of monster detection an uncursed potion of object detection 2 uncursed potions of sickness a blessed +1 ring of increase damage an uncursed ring of searching Spells and supernatural/magical abilities: Name Level Category Fail Memory W - pray for help -- divine ? -- Your skills at the end: Fighting Skills Weapon Skills dagger [Skilled] short sword [Basic] Spellcasting Skills Final Attributes: You were piously aligned. You were poison resistant. You were blinded. You were stealthy. You are dead. Vanquished creatures: a leprechaun a giant spider an imp 2 mountain nymphs a rock piercer a violet fungus 4 gnome lords 2 gnomish wizards a black naga hatchling a golden naga hatchling a guardian naga hatchling an elf zombie a straw golem 2 giant ants a floating eye 2 dwarves a kobold lord a giant bat a monkey 2 iguanas a coyote a hobbit 8 manes 4 giant rats a cave spider a brown mold a yellow mold a red mold 12 gnomes a gnome zombie 2 geckos 4 jackals a fox a kobold a goblin 2 sewer rats 7 grid bugs 3 bats 6 lichens 6 newts 92 creatures vanquished. Voluntary challenges: You used a wielded weapon 100 times, starting on turn 3. You read items or engraved 6 times, starting on turn 1708. You never genocided any monsters. You never polymorphed an object. You never changed form. You used no wishes. You never split a pudding. You wrote Elbereth's name 2 times, starting on turn 1709. You never violated your personal moral code. Dungeon overview: The Dungeons of Doom: levels 1 to 8 Level 1 an altar to Kos, a sink a long staircase Level 2 Level 3 an armor shop Level 4 a sink stairs to The Gnomish Mines Level 5 a fountain, a sink Level 6 an armor shop, a fountain, a sink Level 7 many fountains Level 8 <- You were here The Gnomish Mines: levels 5 to 8 Level 5 stairs to The Dungeons of Doom Level 6 Level 7 Level 8 many shops, a temple to Issek, some fountains History has recorded: On T:1 you entered the Dungeons of Doom to retrieve the Amulet of Yendor! On T:63 you reached level 2 of The Dungeons of Doom. On T:220 you advanced to experience level 2. On T:417 you reached level 3 of The Dungeons of Doom. On T:573 you reached level 4 of The Dungeons of Doom. On T:679 you advanced to experience level 3. On T:1186 you reached level 5 of The Dungeons of Doom. On T:1264 you reached level 6 of The Dungeons of Doom. On T:1422 you advanced to experience level 4. On T:1585 you reached level 1 of The Gnomish Mines. On T:1639 you reached level 2 of The Gnomish Mines. On T:1690 you reached level 3 of The Gnomish Mines. On T:1817 you reached level 4 of The Gnomish Mines. On T:2016 you advanced to experience level 5. On T:2485 you advanced to experience level 6. On T:2977 you reached level 7 of The Dungeons of Doom. On T:3083 you reached level 8 of The Dungeons of Doom. Score breakdown: Gold: 130 ( 7202 points) Experience: 6 levels (12456 points) Exploration: 8 levels ( 15.69%) (11224 points) Discoveries: 4 items ( 1.34%) ( 3475 points) Valuables value: (no points given unless you survive) Artifact value: 0 ( 0 points) Variety of kills: 40 monsters ( 10.50%) ( 9720 points) Turncount: 4531 turns (-1209 points) Survival: died (score multiplied by 80%) Total score: 34294 Latest messages: The giant spider bites! (2x) Where do you want to travel to? You are momentarily blinded by a flash of light! It hits! (2x) It bites! You hit it. It bites! You write in the dust with your fingers. It hits! (2x) It bites! You write in the dust with your fingers. It misses. It bites! You write in the dust with your fingers. It misses. You begin praying to Kos. It hits! It misses. It bites! You die... Final status: Goodbye slyhack the Rogue, killed by a giant spider, while praying... You died in The Dungeons of Doom on dungeon level 8 with 34294 points, and 130 pieces of gold, after 4531 moves. You were level 6 with a maximum of 47 hit points when you died.